 Dungeon Crawl Stone Soup version 0.22.1-6-g1668fe2c40 (webtiles) character file.

203 Kohma the Sneak (level 5, -2/24 HPs)
             Began as a Spriggan Enchanter on Jan 20, 2019.
             Was a Follower of Wu Jian.
             Slain by a phantom (9 damage)
             ... on level 4 of the Dungeon.
             The game lasted 00:24:09 (4110 turns).

Kohma the Sneak (Spriggan Enchanter)                Turns: 4110, Time: 00:24:10

Health: -2/24      AC:  2    Str:  4    XL:     5   Next: 51%
Magic:  11/11      EV: 20    Int: 17    God:    Wu Jian [*.....]
Gold:   165        SH:  0    Dex: 17    Spells: 8/11 levels left

rFire    . . .     SeeInvis +   a - +1 dagger
rCold    . . .     Gourm    .   (shield restricted)
rNeg     . . .     Faith    .   b - +0 robe
rPois    .         Spirit   .   (helmet restricted)
rElec    .         Reflect  .   (no cloak)
rCorr    .         Harm     .   (gloves unavailable)
MR       .....                  (boots unavailable)
Stlth    +++.......             (no amulet)
HPRegen  0.08/turn              (no ring)
MPRegen  0.12/turn              (no ring)

@: very quick
A: very small, unfitting armour, see invisible, herbivore, speed 3, slow
metabolism 2
a: Renounce Religion


You were on level 4 of the Dungeon.
You worshipped Wu Jian.
Wu Jian was aware of your devotion.
You were not hungry.

You visited 1 branch of the dungeon, and saw 4 of its levels.

You collected 165 gold pieces.

Inventory:

Hand Weapons
 a - a +1 dagger (weapon)
Missiles
 k - 12 poisoned needles
 m - 189 stones (quivered)
 q - 6 bolts
Armour
 b - a +0 robe (worn)
Jewellery
 i - an uncursed ring of protection from fire {unknown}
 j - a cursed amulet of inaccuracy {unknown}
Scrolls
 e - a scroll of fear {unknown}
 g - a scroll of noise {unknown}
 n - a scroll of remove curse {unknown}
 r - a scroll of amnesia {unknown}
 s - a scroll of magic mapping {unknown}
 t - a scroll of blinking {unknown}
Potions
 c - a potion of berserk rage {unknown}
 f - a potion of lignification {unknown}
 h - 2 potions of mutation {unknown}
 l - 2 potions of heal wounds {unknown}
 o - a potion of haste {unknown}
Comestibles
 d - 10 rations


   Skills:
 * Level 3.5 Short Blades
 + Level 4.4 Dodging
 + Level 5.6 Stealth
 + Level 3.6 Spellcasting
 + Level 4.4 Hexes


You had 8 spell levels left.
You knew the following spells:

 Your Spells              Type           Power        Failure   Level  Hunger
a - Corona                Hex            ###....      2%          1    None
b - Ensorcelled Hibernat  Hex/Ice        ##....       10%         2    ##.....

Your spell library contained the following spells:

 Spells                   Type           Power        Failure   Level  Hunger
 Confuse                  Hex            ###.....     8%          3    ###....
 Tukima's Dance           Hex            ###.....     8%          3    ###....
 Dazzling Spray           Conj/Hex       ##....       21%         3    ###....


Dungeon Overview and Level Annotations

Branches:
Dungeon (4/15)
 Temple: D:4-7

Altars:
Makhleb
Wu Jian


Innate Abilities, Weirdness & Mutations

You are very small and have problems with some larger weapons.
You are too small for most types of armour.
You have supernaturally acute eyesight. (SInv)
You are a herbivore.
You cover ground extremely quickly.
You need to consume almost no food.


Message History

The phantom blinks!
Throwing (i - inventory. (/) - cycle)
p - a tomahawk (quivered)
Press: ? - help, Shift-Dir - straight line, f/p - phantom
Aim: a phantom (lightly damaged)
You throw a tomahawk. The tomahawk hits the phantom.
The phantom is lightly damaged.
The phantom blinks!
The phantom hits you!
You closely miss the phantom.
The phantom is lightly damaged.
You closely miss the phantom.
The phantom is lightly damaged.
The phantom misses you.
You miss the phantom.
The phantom is lightly damaged.
The phantom hits you!
* * * LOW HITPOINT WARNING * * *
You hit the phantom.
The phantom is lightly damaged.
The phantom hits you!
You die...

#(..# . # #...#
#.#. ######...#
..... ...##...#
#....####.##...#
#..........'...#
.....O..#.##...#
##...##.#.##..W#
....
#.#..##@.###.#
#.
.....##..(...#
.#.#..##(######
..#.#..##(#<.#
+#
#.......##.###.#
###..###(......#
#. # #########
.. ##


You could see a phantom.

Vanquished Creatures
  An orc priest (D:3)
  A hound (D:2)
  An orc wizard (D:3)
  2 adders (D:2)
  3 oozes (D:3)
  4 dart slugs
  A leopard gecko (D:3)
  6 orcs (D:3)
  3 giant cockroaches
  11 goblins
  4 hobgoblins
  2 jackals (D:3)
  8 kobolds
  A quokka (D:3)
  3 ball pythons
  11 bats
  5 frilled lizards
  3 rats
70 creatures vanquished.

Notes
Turn   | Place    | Note
-------+----------+-------------------------------------------
     0 | D:1      | Kohma the Spriggan Enchanter began the quest for the Orb.
     0 | D:1      | Reached XP level 1. HP: 9/9 MP: 5/5
   394 | D:1      | Reached XP level 2. HP: 13/13 MP: 6/6
   430 | D:1      | Learned a level 2 spell: Ensorcelled Hibernation
  1552 | D:2      | Reached XP level 3. HP: 16/16 MP: 8/8
  1572 | D:2      | Found an ornate altar of the Wu Jian Council.
  1598 | D:2      | Became a worshipper of the Wu Jian Council
  1739 | D:2      | Found a burning altar of Makhleb.
  1749 | D:2      | Reached skill level 5 in Stealth
  1749 | D:2      | Reached XP level 4. HP: 12/21 MP: 6/9
  3332 | D:3      | Reached XP level 5. HP: 18/24 MP: 2/11
  3489 | D:3      | Reached * piety under Wu Jian
  4073 | D:4      | Noticed a phantom
  4078 | D:4      | Noticed an ogre
  4110 | D:4      | Slain by a phantom

Skill      XL: |  1  2  3  4 |
---------------+-------------+-----
Spellcasting   | 3 |  3.6
Short Blades   | 2 3 |  3.5
Hexes          | 4 |  4.4
Stealth        | 5 |  5.6
Dodging        | 4 |  4.4

Action                   |  1- 3 |  4- 6 || total
-------------------------+-------+-------++-------
Melee: Dagger            |    95 |   172 ||   267
Throw: Stone             |     1 |       ||     1
       Tomahawk          |       |     8 ||     8
 Cast: Ensorcelled Hiber |    13 |    24 ||    37
Invok: Lunge             |     1 |    17 ||    18
 Stab: Sleeping          |    14 |    24 ||    38
  Eat: Ration            |       |     2 ||     2
Armor: Robe              |    17 |    15 ||    32
Dodge: Dodged            |    94 |   147 ||   241
